 Dungeon Crawl Stone Soup version 0.23.0 (webtiles) character file.

Game seed: 953067657557739063

341 Raymar the Magician (level 6, -1/33 HPs)
             Began as a Deep Elf Wizard on Feb 18, 2019.
             Slain by a leopard gecko (5 damage)
             ... on level 4 of the Dungeon.
             The game lasted 00:13:41 (3091 turns).

Raymar the Magician (Deep Elf Wizard)               Turns: 3091, Time: 00:13:42

Health: -1/33      AC:  5    Str:  4    XL:     6   Next: 30%
Magic:  8/18       EV: 13    Int: 25    God:
Gold:   154        SH:  4    Dex: 13    Spells: 13/19 levels left

rFire    . . .     SeeInvis .   j - +0 trident
rCold    . . .     Gourm    .   (no shield)
rNeg     . . .     Faith    .   a - +0 robe
rPois    .         Spirit   .   i - +1 helmet
rElec    .         Reflect  .   g - scarf {repulsion}
rCorr    .         Harm     .   h - +0 pair of gloves
MR       .....                  (no boots)
Stlth    ++........             (no amulet)
HPRegen  0.11/turn              (no ring)
MPRegen  0.16/turn              (no ring)

@: repel missiles
A: large bone plates 1, mutation resistance 1
a: no special abilities


You were on level 4 of the Dungeon.
You were hungry.

You visited 1 branch of the dungeon, and saw 4 of its levels.

You collected 154 gold pieces.

Inventory:

Hand Weapons
 j - a +0 trident (weapon)
Armour
 a - a +0 robe (worn)
 g - a scarf of repulsion (worn)
 h - a +0 pair of gloves (worn)
 i - a +1 helmet (worn)
Wands
 b - a wand of acid (7)
Scrolls
 f - 5 scrolls of remove curse
 l - 2 scrolls of magic mapping
Potions
 c - 2 potions of heal wounds
 k - a potion of degeneration {unknown}
 m - a potion of brilliance
Comestibles
 d - 3 rations
 n - a chunk of flesh


   Skills:
 + Level 0.5 Fighting
 + Level 1.0 Polearms
 + Level 2.9 Dodging
 + Level 3.1 Stealth
 + Level 0.2 Unarmed Combat
 + Level 7.4 Spellcasting
 * Level 3.2 Conjurations
 + Level 2.0 Summonings
   Level 1.1 Translocations
 + Level 0.1 Air Magic
 + Level 0.3 Poison Magic


You had 13 spell levels left.
You knew the following spells:

 Your Spells              Type           Power        Failure   Level  Hunger
a - Magic Dart            Conj           ####         1%          1    None
b - Call Imp              Summ           ###.....     4%          2    None
c - Mephitic Cloud        Conj/Pois/Air  ###.....     12%         3    None

Your spell library contained the following spells:

 Spells                   Type           Power        Failure   Level  Hunger
 Blink                    Tloc           N/A          6%          2    None
 Slow                     Hex            #.......     10%         2    None
 Conjure Flame            Conj/Fire      ###.....     10%         3    None


Dungeon Overview and Level Annotations

Branches:
Dungeon (4/15)
 Temple: D:4-7

Altars:
Gozag

Annotations:
D:4 Duvessa, Ijyb, Pikel


Innate Abilities, Weirdness & Mutations

You are partially covered in large bone plates. (SH +4)
You are somewhat resistant to further mutation.


Message History

The leopard gecko barely misses you.
You feel sick. The leopard gecko barely misses you.
Your extra speed is starting to run out.
Duvessa, Sister of Dowan comes into view.
She is wielding a +0 short sword and carrying a wand of flame (24).
You feel sick.
Casting: Magic Dart (safe; 1% risk of failure)
Confirm with . or Enter, or press ? or * to list all spells.
A beastly little devil appears in a puff of flame.
You feel yourself slow down.
You hit the leopard gecko.
The leopard gecko is heavily wounded.
The leopard gecko closely misses you.
Your crimson imp hits Duvessa.
Duvessa hits you but does no damage. The leopard gecko bites you.
* * * LOW HITPOINT WARNING * * *
You closely miss the leopard gecko.
The leopard gecko is heavily wounded.
You feel sick.
You are no longer poisoned.
The leopard gecko bites you.
You die...

#........(aZ........#
###..
#......a.####........
##. #.......>#
#####..>. .##
#.......####
.........
##............
#######..
###....#########
#....
##...#..#g..#.5.
#.###
###..##...#.#Z#e# #
........###.#al@#
###.###.Z.a.#####
#...Z.# #.###.# #..#
#.# #.## #.. #. ####
#. #.


You could see Duvessa, Ijyb (wandering), a worker ant, a leopard gecko, an adder
skeleton and a friendly crimson imp.

Vanquished Creatures
  An orc priest (D:3)
  An orc wizard (D:3)
  Robin (D:3)
  4 adders
  An ooze (D:1)
  3 dart slugs
  4 leopard geckos
  4 orcs
  3 bats
  3 giant cockroaches (D:2)
  18 goblins
  9 hobgoblins
  4 jackals
  7 kobolds
  2 quokkas
  A ball python (D:1)
  8 frilled lizards
  A quokka skeleton (D:4)
  5 rats
80 creatures vanquished.

Vanquished Creatures (collateral kills)
  A hippogriff (D:2)
  2 slaves (D:4)
  Terence (D:2)
  3 gnolls (D:3)
  2 worms
  A leopard gecko (D:2)
  An orc (D:4)
  A ball python (D:2)
  A giant cockroach (D:4)
  A goblin (D:3)
  A frilled lizard (D:2)
  2 rats (D:2)
17 creatures vanquished.

Grand Total: 97 creatures vanquished

Notes
Turn   | Place    | Note
-------+----------+-------------------------------------------
     0 | D:1      | Raymar the Deep Elf Wizard began the quest for the Orb.
     0 | D:1      | Reached XP level 1. HP: 10/10 MP: 7/7
   136 | D:1      | Reached XP level 2. HP: 15/15 MP: 7/9
   158 | D:1      | Reached skill level 5 in Spellcasting
   313 | D:1      | Learned a level 2 spell: Call Imp
   374 | D:1      | Gained mutation: Your magical capacity is low. (-10% MP)
                  | [potion of mutation]
   374 | D:1      | Gained mutation: Your mind is acute. (Int +2) [potion of
                  | mutation]
   374 | D:1      | Gained mutation: You are partially covered in large bone
                  | plates. (SH +4) [potion of mutation]
   375 | D:1      | Lost mutation: Your mind is acute. (Int +2) [potion of
                  | mutation]
   375 | D:1      | Lost mutation: Your magical capacity is low. (-10% MP)
                  | [potion of mutation]
   375 | D:1      | Gained mutation: You are somewhat resistant to further
                  | mutation. [potion of mutation]
   452 | D:1      | Reached XP level 3. HP: 12/19 MP: 0/11
   480 | D:1      | Learned a level 3 spell: Mephitic Cloud
  1033 | D:2      | Noticed a hippogriff
  1154 | D:2      | Killed a hippogriff
  1154 | D:2      | Reached skill level 6 in Spellcasting
  1154 | D:2      | Reached XP level 4. HP: 21/24 MP: 1/14
  1154 | D:2      | Reached XP level 5. HP: 24/28 MP: 1/16
  1302 | D:2      | Noticed Terence
  1390 | D:2      | Killed Terence
  1500 | D:2      | Found an opulent altar of Gozag.
  1935 | D:3      | Reached skill level 7 in Spellcasting
  1973 | D:3      | Noticed Robin
  1990 | D:3      | Killed Robin
  2457 | D:3      | Reached XP level 6. HP: 32/32 MP: 11/18
  2726 | D:3      | Reached skill level 1 in Polearms
  2888 | D:4      | Noticed Pikel
  2888 | D:4      | Noticed a slave
  2888 | D:4      | Noticed a slave
  2935 | D:4      | Killed a slave
  2939 | D:4      | Killed a slave
  2980 | D:4      | Noticed a slave
  2982 | D:4      | Noticed a slave
  3048 | D:4      | Noticed Ijyb
  3087 | D:4      | Noticed Duvessa
  3091 | D:4      | Slain by a leopard gecko

Skill      XL: |  1  2  3  4  5  6 |
---------------+-------------------+-----
Spellcasting   | 5 6 7 |  7.4
Conjurations   | 2 3 |  3.2
Stealth        | 3 |  3.1
Summonings     | 2 |  2.0
Polearms       | 1 |  1.0
Fighting       | |  0.5
Dodging        | |  2.9
Unarmed Combat | |  0.2
Translocations | |  1.1
Air Magic      | |  0.1
Poison Magic   | |  0.3

Action                   |  1- 3 |  4- 6 || total
-------------------------+-------+-------++-------
Melee: Unarmed           |     2 |    14 ||    16
       Trident           |       |    62 ||    62
 Cast: Magic Dart        |    86 |    87 ||   173
       Call Imp          |     7 |    27 ||    34
       Mephitic Cloud    |     1 |     7 ||     8
  Use: Scroll            |     5 |     5 ||    10
       Potion            |     2 |     3 ||     5
 Stab: Confused          |       |     1 ||     1
  Eat: Chunk             |       |     6 ||     6
Armor: Robe              |     3 |    17 ||    20
Dodge: Dodged            |    33 |    58 ||    91
       Deflected         |     1 |     4 ||     5
Block: Other             |     4 |    18 ||    22
